 Dungeon Crawl Stone Soup version 0.30-a0-365-ge7f957f1db (webtiles) character file.

Game seed: 7913003820424171049

21 Zonian the Magician (level 3, -1/25 HPs)
             Began as a Djinni Ice Elementalist on Nov 18, 2022.
             Slain by Terence
             ... wielding a +0 flail
              (14 damage)
             ... on level 2 of the Dungeon.
             The game lasted 00:01:39 (1412 turns).

Zonian the Magician (Djinni Ice Elementalist)       Turns: 1412, Time: 00:01:39

Health: -1/25      AC:  2    Str:  7    XL:     3   Next: 5%
Gold:   48         EV: 12    Int: 18    God:
                   SH:  0    Dex: 13

rFire   + + .      SeeInvis .    c - +0 dagger
rCold   x . .      Faith    .    (no shield)
rNeg    . . .      Spirit   .    a - +0 robe
rPois   ∞          Reflect  .    (no helmet)
rElec   .          Harm     .    (no cloak)
rCorr   .          Rampage  .    (no gloves)
Will    .....                    (boots unavailable)
Stlth   ++........               (no amulet)
HPRegen 0.24/turn                (no ring)
MPRegen 0.00/turn                (no ring)

@: flying
A: sickness immunity, fire resistance 2, cold vulnerability 1, float, innate
caster, HP casting, extra vitality 1
a: no special abilities


You were on level 2 of the Dungeon.
You visited 1 branch of the dungeon, and saw 2 of its levels.

You collected 48 gold pieces.

Inventory:

Hand Weapons
 c - a +0 dagger (weapon)
 l - a +0 sling
 n - a +0 antimagic sling
Armour
 a - a +0 robe (worn)
Scrolls
 b - a scroll of fear {unknown}
 e - a scroll of teleportation {unknown}
 f - a scroll of acquirement {unknown}
 g - a scroll of vulnerability {unknown}
 h - 2 scrolls of identify {unknown}
 j - a scroll of enchant weapon {unknown}
Potions
 d - a potion of mutation {unknown}
 i - a potion of resistance {unknown}
 k - a potion of flight {unknown}
 m - a potion of curing {unknown}


   Skills:
 + Level 2.7 Dodging
 + Level 2.1 Stealth
 + Level 3.4 Spellcasting


You couldn't memorise any spells.
You knew the following spells:

 Your Spells              Type           Power      Damage    Failure   Level
a - Freeze                Ice            60%        1d7       3%          1
b - Frozen Ramparts       Ice            30%        1d5       11%         3
c - Ozocubu's Armour      Ice            15%        N/A       11%         3
d - Summon Ice Beast      Ice/Summ       15%        N/A       36%         4
e - Foxfire               Conj/Fire      60%        2x1d7     3%          1
Your spell library was empty.

Dungeon Overview and Level Annotations

Branches:
Dungeon (2/15)

Altars:

Annotations:
D:2 Terence


Innate Abilities, Weirdness & Mutations

You are immune to sickness and miasma.
You are immune to poison.
Your flesh is very heat resistant. (rF++)
You are vulnerable to cold. (rC-)
You float through the air rather than walking.
You learn spells naturally, not from books.
Your magical power is your life essence.
You have superior vitality. (+4 MHP)


Message History

The giant cockroach closely misses you. The giant cockroach barely misses you.
You freeze the giant cockroach.
You kill the giant cockroach!
You can't see any susceptible monsters within range! (Use Z to cast anyway.) Unknown command.
You now have 43 gold pieces (gained 14).
A goblin comes into view. It is wielding a +0 club.
Found a stone staircase leading down.
A goblin is nearby!
Terence the Incautious comes into view.
He is wielding a +0 flail.
Terence shouts!
Terence moves out of view.
The goblin shouts!
Terence screams, "I'm going to kill you!"
There is a stone staircase leading up here.
Unknown command.
You fly upwards.
There is a stone staircase leading down here.
Unknown command.
There is a stone staircase leading down here.
You fly downwards.
Level annotation: Terence
There is a stone staircase leading up here.
Unknown command.
Found 7 stones.
You now have 48 gold pieces (gained 5).
A dart slug comes into view.
Found a scroll labelled VITEOB XYHEA.
The dart slug moves out of view.
Found a stone staircase leading down.
Found an escape hatch in the ceiling.
You see here a +0 antimagic sling.
n - a +0 antimagic sling A frilled lizard comes into view.
Found an escape hatch in the floor.
Terence drinks a potion.
Terence goes berserk!
Terence rages.
You hear a shout!
Terence attacks as you move away! Terence hits you with a +0 flail! x2
Ouch! That really hurt!
You die...

.)....##########
.....####### .#
.......>...# .#
.......###.##### .##
.......###..... .<###
##.#.......... ....l..
#....####..########..###.#
##....####.............#.>.
......g........@@....#..#
##....#...#..>#####....#
#............# #....#
#............# #....##
..............# #....w###
###.#.........# #..$.....
#.##.....#..# ##.#?..#.#
#.###.......# #..#...#.. #.
#####...# #.##...#


You could see Terence (berserk).

Vanquished Creatures
  2 ball pythons (D:1)
  A bat (D:1)
  2 endoplasms (D:1)
  2 giant cockroaches
  4 goblins (D:1)
  A hobgoblin (D:1)
  A quokka (D:1)
  A frilled lizard (D:1)
  2 kobolds (D:1)
  2 rats
18 creatures vanquished.

Notes
Turn   | Place    | Note
-------+----------+-------------------------------------------
     0 | D:1      | Zonian the Djinni Ice Elementalist began the quest for the
                  | Orb.
     0 | D:1      | Zonian set off with the following spells memorised: Freeze,
                  | Frozen Ramparts, Ozocubu's Armour, Summon Ice Beast.
     0 | D:1      | Reached XP level 1. HP: 15/15 MP: 0/0
   327 | D:1      | Reached XP level 2. HP: 12/21 MP: 0/0
  1271 | D:2      | Reached XP level 3. HP: 20/25 MP: 0/0
  1271 | D:2      | Learned a level 1 spell: Foxfire
  1336 | D:2      | Noticed Terence
  1412 | D:2      | Slain by Terence

Illustrated notes

Levels and vault maps discovered:
D:1:      amcnicky_arrival_feature_with_door, layout_loops_cross,
          kennysheep_nondescript, grunt_decor_arrowhead
D:2:      layout_loops_ring, uniq_terence

Skill      XL: |  1  2 |
---------------+-------+-----
Stealth        | 2 |  2.1
Dodging        | |  2.7
Spellcasting   | |  3.4

Action                   || total
-------------------------++-------
Melee: Dagger            ||    10
       Punch             ||     1
 Cast: Freeze            ||    30
Armor: Robe              ||     4
Dodge: Dodged            ||    27

Table legend: (Time is in decaauts)
 A = Elapsed time spent in this place.
 B = Non-inter-level travel time spent in this place.
 C = Inter-level travel time spent in this place.
 D = Time resting spent in this place.
 E = Time spent auto-exploring this place.
 F = Levels seen in this place.
 G = Mean time per level.
                   A        B        C        D        E       F      G
               +--------+--------+--------+--------+--------+-----+--------+
         Total |   1411 |   1377 |     34 |    468 |    691 |   2 |  705.5 |
       Dungeon |   1411 |   1377 |     34 |    468 |    691 |   2 |  705.5 |
               +--------+--------+--------+--------+--------+-----+--------+

Top non-repeatable levels by time:
     D:1: 1293 daAuts
     D:2: 118 daAuts
